 Dungeon Crawl Stone Soup version 0.24.1-8-ga250c9d538 (webtiles) character file.

Game seed: 6851703694414313374, levelgen mode: deterministic

187 Hugehornet the Changer (level 5, -8/33 HPs)
             Began as an Octopode Transmuter on May 2, 2020.
             Mangled by a gnoll
             ... wielding a +0 spear
              (12 damage)
             ... on level 3 of the Dungeon.
             The game lasted 00:03:47 (2821 turns).

Hugehornet the Changer (Octopode Transmuter)        Turns: 2821, Time: 00:03:48

Health: -8/33      AC:  2    Str:  9    XL:     5   Next: 66%
Magic:  6/8        EV: 20    Int: 16    God:
Gold:   159        SH:  0    Dex: 18    Spells: 3/9 levels left

rFire    . . .     SeeInvis .     - Unarmed
rCold    . . .     Gourm    .   (shield currently unavailable)
rNeg     . . .     Faith    .   (helmet currently unavailable)
rPois    .         Spirit   .   (no amulet)
rElec    .         Reflect  .   d - ring of poison resistance
rCorr    .         Harm     .   (no ring)
MR       .....                  (no ring)
Stlth    ++........             (no ring)
HPRegen  0.11/turn              (no ring)
MPRegen  0.11/turn              (no ring)
                                (no ring)
                                (no ring)

@: spider-form (expiring)
A: tiny, almost no armour, stealthy swim, (amphibious), 8 rings, (constrict 8)
a: End Transformation


You were on level 3 of the Dungeon.
You were not hungry.
You were a venomous arachnid creature.
You visited 1 branch of the dungeon, and saw 3 of its levels.

You collected 159 gold pieces.

Inventory:

Missiles
 a - 54 arrows
Jewellery
 d - a ring of poison resistance (left front leg)
Scrolls
 f - 4 scrolls of identify {unknown}
 i - a scroll of blinking {unknown}
 j - 2 scrolls of enchant armour {unknown}
Potions
 b - a potion of heal wounds {unknown}
 e - 2 potions of degeneration {unknown}
 g - 3 potions of brilliance {unknown}
 h - a potion of cancellation {unknown}
 k - a potion of magic {unknown}
Comestibles
 c - 3 rations
 l - 2 chunks of flesh


   Skills:
 - Level 1.0 Fighting
 - Level 2.0 Dodging
 * Level 4.0 Unarmed Combat
 + Level 2.5 Spellcasting
 * Level 4.3 Transmutations
 + Level 1.7 Poison Magic


You had 3 spell levels left.
You knew the following spells:

 Your Spells              Type           Power        Failure   Level  Hunger
a - Beastly Appendage     Tmut           ###...       11%         1    #......
b - Sticks to Snakes      Tmut           ###.....     14%         2    ##.....
c - Spider Form           Tmut/Pois      ##........   36%         3    ###....

Your spell library contained the following spells:

 Spells                   Type           Power        Failure   Level  Hunger
 Ice Form                 Ice/Tmut       #.......     82%         4    #####..
 Blade Hands              Tmut           ###.......   85%         5    ######.


Dungeon Overview and Level Annotations

Branches:
Dungeon (3/15)

Altars:
Gozag


Innate Abilities, Weirdness & Mutations

You cannot wear most types of armour.
You are very stealthy in the water. (Stealth+)
((You are amphibious.))
You can wear up to eight rings at the same time.
((You can use your tentacles to constrict eight enemies at once.))
((Your skin changes colour to match your surroundings (Stealth+).))
((Your rubbery body absorbs attacks. (AC +1, EV +1)))


Message History

The gnoll is lightly wounded.
The gnoll barely misses you.
You hit the gnoll.
The gnoll is heavily wounded.
Your transformation is almost over.
The gnoll hits you.
You hit the gnoll.
The gnoll looks as sick as possible!
The gnoll is severely wounded.
You kill the gnoll!
Your Unarmed Combat skill increases to level 4!
You hit the gnoll.
The gnoll is poisoned.
The gnoll is moderately wounded.
The gnoll closely misses you.
The gnoll hits you from afar with a +0 spear!
* * * LOW HITPOINT WARNING * * *
You hit the gnoll but do no damage.
The gnoll is heavily wounded.
The gnoll misses you.
The gnoll hits you from afar with a +0 spear!
You die...

###########..... #..
............#8.8 #.#
#######.######.# #.# #.......#
#.. ... #.# #.......# ###
...########.# #.......#
..........#.# #.......########
...........>##########.#.......
.....####...ggs......#.#.######
........#.##########.#.#....###
#....gg..# #.#.#.#.....
#..#.g##.# #.#.#.#.####
#......#.#########.#.#.#.#...
#.#....#........##.#.#.#.#... #
#..g.#........##.#.#.#.'...
#..g.#........##...#.#.#...
##.#r#............##.#.####


You could see 2 gnolls.

Vanquished Creatures
  A centaur (D:3)
  A gnoll (D:3)
  4 adders
  3 worms
  2 leopard geckos
  2 orcs (D:3)
  2 giant cockroaches
  5 goblins
  7 hobgoblins
  2 jackals (D:1)
  5 bats
  10 frilled lizards
  4 kobolds
  6 rats
54 creatures vanquished.

Notes
Turn   | Place    | Note
-------+----------+-------------------------------------------
     0 | D:1      | Hugehornet the Octopode Transmuter began the quest for the
                  | Orb.
     0 | D:1      | Reached XP level 1. HP: 13/13 MP: 3/3
   311 | D:1      | Reached XP level 2. HP: 17/18 MP: 3/5
   671 | D:1      | Learned a level 2 spell: Sticks to Snakes
   818 | D:2      | Reached XP level 3. HP: 17/23 MP: 4/6
   823 | D:2      | Learned a level 3 spell: Spider Form
  1022 | D:2      | Found an opulent altar of Gozag.
  1950 | D:3      | Reached XP level 4. HP: 28/28 MP: 3/7
  2178 | D:3      | Noticed a centaur
  2192 | D:3      | Killed a centaur
  2192 | D:3      | Reached skill level 1 in Poison Magic
  2192 | D:3      | Reached XP level 5. HP: 31/33 MP: 5/8
  2821 | D:3      | Mangled by a gnoll

Levels and vault maps discovered:
D:1:      ebering_hopf_link, layout_basic, interstate_on_off, glass_columns_b,
          minivault_19, grunt_decor_cap
D:2:      layout_basic, nicolae_gozag_cash_rules_everything_around_me
D:3:      layout_basic, serial_bayou_pond_a, small_statue_intersection,
          nrook_mini_vaults

Skill      XL: |  1  2  3  4  5 |
---------------+----------------+-----
Transmutations | 3 4 |  4.3
Poison Magic   | 1 |  1.7
Unarmed Combat | 4 |  4.0
Fighting       | |  1.0
Dodging        | |  2.0
Spellcasting   | |  2.5

Action                   |  1- 3 |  4- 6 || total
-------------------------+-------+-------++-------
Melee: Unarmed           |    77 |    56 ||   133
       Kick              |    14 |    10 ||    24
       Constrict         |    19 |    12 ||    31
       Tentacles         |     7 |    13 ||    20
       Punch             |     1 |     1 ||     2
 Cast: Beastly Appendage |    25 |     9 ||    34
       Spider Form       |     1 |     2 ||     3
 Stab: Sleeping          |     1 |       ||     1
  Eat: Chunk             |     2 |     1 ||     3
       Ration            |     1 |       ||     1
Armor: Skin              |     6 |     4 ||    10
Dodge: Dodged            |    49 |    46 ||    95
